psichen, neutral female human Wizard #*########## ----------- # ------ |?!!.*/%%[| # |....| |)!%%."?..| ------- # |....| |.?)/)(%!.| |.....| # |....-# |....=....| |......###### #.....|# ---|------- |.....| #------# ## #@-.....| ## # # -.----- # # ### ### # # # # # #### ## ### # #-------.--- # -----# #.........{| ---.------------ |....####|.........| |..............| |...| # #..........| |...............#############..<..## ----------- |..............| |...| |...............### -|--- ---------------- # psichen the Evoker Experience level: 1 Strength: 9 Dexterity: 12 Constitution: 13 Intelligence: 18 Wisdom: 15 Charisma: 10 Health: 0(12) Energy: 8(8) Def: 1 Gold: 2 Moves: 1204 Dungeon seed: HbqyykbtXJbX6_NF Game ID: psichen_1508417587 Your Inventory: Coins $ - 2 gold pieces Weapons a - a blessed +1 quarterstaff (weapon in hands) Armor e - an uncursed +0 cloak of magic resistance (being worn) Comestibles o - an uncursed food ration s - an uncursed food ration v - 2 uncursed eggs Scrolls i - an uncursed scroll of enchant weapon j - a blessed scroll of light k - an uncursed scroll of scare monster Spellbooks l - a blessed spellbook of force bolt m - an uncursed spellbook of magic missile Potions f - an uncursed potion of see invisible g - an uncursed potion of sickness h - an uncursed potion of fruit juice u - an uncursed potion of water Rings c - an uncursed ring of warning (on left hand) d - an uncursed +1 ring of adornment (on right hand) Wands b - a wand of probing (0:6) p - a wand of make invisible named vanished (0:3) Tools n - an uncursed blindfold Spells and supernatural/magical abilities: Name Level Category Fail Memory a - force bolt 1 attack 0% 94% m - magic missile 2 attack 0% 94% W - pray for help -- divine ? -- Your skills at the end: Fighting Skills Weapon Skills quarterstaff [Basic] Spellcasting Skills attack spells [Basic] enchantment spells [Basic] Final Attributes: You were nominally aligned. You were magic-protected. You were warned. You were adorned. You are dead. Vanquished creatures: a gas spore a fox 3 grid bugs 2 lichens 4 newts 11 creatures vanquished. Voluntary challenges: You followed a strict vegan diet. You were an atheist. You used a wielded weapon 2 times, starting on turn 566. You read items or engraved 3 times, starting on turn 43. You never genocided any monsters. You never polymorphed an object. You never changed form. You used no wishes. You never split a pudding. You wrote Elbereth's name 1 time, starting on turn 452. You never violated your personal moral code. Dungeon overview: The Dungeons of Doom: levels 1 to 3 Level 1 a long staircase Level 2 Level 3 <- You were here a general store, a fountain History has recorded: On T:1 you entered the Dungeons of Doom to retrieve the Amulet of Yendor! On T:361 you reached level 2 of The Dungeons of Doom. On T:739 you reached level 3 of The Dungeons of Doom. Score breakdown: Gold: 2 ( 1623 points) Experience: 1 level ( 0 points) Exploration: 3 levels ( 6.52%) ( 6324 points) Discoveries: 2 items ( 0.70%) ( 2504 points) Valuables value: (no points given unless you survive) Artifact value: 0 ( 0 points) Variety of kills: 5 monsters ( 1.31%) ( 3436 points) Turncount: 1204 turns ( 0 points) Survival: died (score multiplied by 80%) Total score: 11109 Latest messages: You hear a door open. You hear someone cursing shoplifters. You displace your kitten. You see here 2 eggs. v - 2 eggs. You see here 23 rocks. You finish searching. You stop. Your kitten is in the way! You displace your kitten. You hear the chime of a cash register. You hear water falling on coins. You stop exploring. You miss the newt. The newt bites! The kitten bites the newt. The newt is killed! The kitten eats a newt corpse. The door opens. You kill the gas spore! You are caught in the gas spore's explosion! Final status: Goodbye psichen the Wizard, killed by a gas spore's explosion... You died in The Dungeons of Doom on dungeon level 3 with 11109 points, and 2 pieces of gold, after 1204 moves. You were level 1 with a maximum of 12 hit points when you died.